 Dungeon Crawl Stone Soup version 0.25-a0-246-g58704a1ebd (console) character file.

Game seed: 18077088980418382392, levelgen mode: deterministic

48985 Kagalorn the Tortoise (level 14, -11/133 HPs)
             Began as a Minotaur Hunter on Dec 2, 2019.
             Was a High Priest of Okawaru.
             Splashed by an acid dragon's acid (13 damage)
             ... on level 6 of the Lair of Beasts on Dec 3, 2019.
             The game lasted 01:04:35 (25171 turns).

Kagalorn the Tortoise (Minotaur Hunter)            Turns: 25171, Time: 01:04:36

Health: -11/133    AC:  6    Str: 26    XL:     14   Next: 14%
Magic:  19/19      EV:  9    Int:  8    God:    Okawaru [*****.]
Gold:   617        SH: 13    Dex: 12    Spells: 13/13 levels left

rFire    . . .     SeeInvis +   b - +2 eveningstar (flame)
rCold    + . .     Gourm    .   T - +1 large shield {AC+3}
rNeg     . . .     Faith    .   O - +0 chain mail {rC+}
rPois    +         Spirit   .   x - +1 hat {SInv}
rElec    .         Reflect  .   M - +0 cloak {MR+}
rCorr    .         Harm     .   w - +0 pair of gloves
MR       ++...                  o - +0 pair of boots
Stlth    ..........             (no amulet)
HPRegen  0.32/turn              e - ring of poison resistance
MPRegen  0.16/turn              L - +5 ring of strength

@: corroded
A: retaliatory headbutt, horns 2
a: Heroism, Finesse, Renounce Religion


You were on level 6 of the Lair of Beasts.
You worshipped Okawaru.
Okawaru was extremely pleased with you.
You were near starving.

You visited 3 branches of the dungeon, and saw 18 of its levels.
You also visited: Sewer.

You collected 864 gold pieces.
You spent 247 gold pieces at shops.

Inventory:

Hand Weapons
 a - a +2 hand crossbow
 b - a +2 eveningstar of flaming (weapon)
 V - a +4 scimitar of flaming
Missiles
 c - 47 poisoned darts (quivered)
 d - 126 bolts
 l - 7 javelins
 n - 11 silver javelins
 v - a throwing net
Armour
 o - a +0 pair of boots (worn)
 w - a +0 pair of gloves (worn)
 x - a +1 hat of see invisible (worn)
 M - a +0 cloak of magic resistance (worn)
 O - a +0 chain mail of cold resistance (worn)
 T - a +1 large shield of protection (worn)
Jewellery
 e - a ring of poison resistance (left hand)
 q - an uncursed ring of flight
 H - an uncursed ring of fire
 J - an uncursed ring of see invisible
 L - a +5 ring of strength (right hand)
 P - a +3 ring of slaying
 X - an uncursed ring of resist corrosion
Wands
 p - a wand of polymorph (24)
 y - a wand of acid (6)
 I - a wand of iceblast (12)
 K - a wand of enslavement (26)
 N - a wand of paralysis (5)
 S - a wand of random effects (14)
Scrolls
 i - 12 scrolls of remove curse
 j - 7 scrolls of teleportation
 m - 2 scrolls of magic mapping
 s - 6 scrolls of enchant weapon
 C - a scroll of holy word
 D - 2 scrolls of enchant armour
 Q - a scroll of fear
 R - a scroll of amnesia
Potions
 g - 2 potions of flight
 h - 3 potions of curing
 k - 2 potions of berserk rage
 r - a potion of resistance
 z - a potion of cancellation
 A - 2 potions of ambrosia
 B - a potion of agility
 E - 3 potions of haste
 F - 3 potions of brilliance
 G - 2 potions of might
 W - a potion of mutation
Comestibles
 f - 35 rations


   Skills:
 + Level 14.8 Fighting
 * Level 13.7 Crossbows
 - Level 15.0 Armour
 - Level 10.0 Dodging
 - Level 1.0 Stealth
 - Level 8.0 Invocations


You had 13 spell levels left.
You didn't know any spells.
Your spell library contained the following spells:

 Spells                   Type           Power        Failure   Level  Hunger
 Magic Dart               Conj           #...         100%        1    ##.....
 Pain                     Necr           #...         100%        1    ##.....
 Blink                    Tloc           N/A          100%        2    ###....
 Call Imp                 Summ           #.......     100%        2    ###....
 Passwall                 Tmut/Erth      #.......     100%        2    ###....
 Slow                     Hex            #.......     100%        2    ###....
 Conjure Flame            Conj/Fire      #.......     100%        3    ####...
 Mephitic Cloud           Conj/Pois/Air  #.......     100%        3    ####...
 Static Discharge         Conj/Air       #.......     100%        3    ####...
 Ice Form                 Ice/Tmut       #.......     100%        4    #####..
 Bolt of Magma            Conj/Fire/Erth #.........   100%        5    ######.
 Iskenderun's Battlesphe  Conj/Chrm      #.......     100%        5    ######.
 Lightning Bolt           Conj/Air       #.........   100%        5    ######.
 Death Channel            Necr           #.........   100%        6    #######
 Iron Shot                Conj/Erth      #.........   100%        6    #######
 Orb of Destruction       Conj           #.........   100%        7    #######
 Spellforged Servitor     Conj/Summ      #.........   100%        7    #######
 Ignition                 Fire           #.........   100%        8    #######
 Shatter                  Erth           #.........   100%        9    #######
 Tornado                  Air            #.........   100%        9    #######


Dungeon Overview and Level Annotations

Branches:
Dungeon (11/15)            Temple (1/1) D:6            Lair (6/6) D:8
 Shoals (0/4) Lair:2       Spider (0/4) Lair:2        Slime (0/5) Lair:6
    Orc (0/2) D:10          Sewer (visited)

Altars:
Ashenzari
Cheibriados
Dithmenos
Elyvilon
Fedhas
Gozag
Hepliaklqana
Kikubaaqudgha
Makhleb
Nemelex Xobeh
Okawaru
Qazlal
Ru
Sif Muna
Trog
Uskayaw
Vehumet
Wu Jian
Xom
Yredelemnul
Zin
The Shining One
Jiyva

Shops:
D:8 (   D:11 ?

Annotations:
Lair:2 3 runed translucent doors, ch1llma's ghost, journeyman NaGl
Lair:4 1 runed translucent door
Lair:5 exclusion: 4 oklob plants
Lair:6 Snorg


Innate Abilities, Weirdness & Mutations

You reflexively headbutt those who attack you in melee.
You have a pair of horns on your head.


Message History

* * * LOW HITPOINT WARNING * * *
You are splashed with acid!
* * * LOW HITPOINT WARNING * * *
You hear an angry hiss.
The basilisk gazes at you. You resist with almost no effort.
Okay, then.
Press: ? - help, v - describe, . - travel
Here: an acid dragon The floor.
Unknown command.
Okay, then.
As you read the scroll of fear, it crumbles to dust.
You assume a fearsome visage.
The acid dragon looks frightened!
The basilisk looks frightened!
The iguana looks frightened!
The acid dragon spits acid at you. The splash of acid hits you.
* * * LOW HITPOINT WARNING * * *
The acid corrodes you!
You are splashed with acid!
You die...

.# #...######............#
.# #P.########...........##
.# #..##...# #..........#.#
## ##.##.>.# #..........###
.#####..##.._# #..........#
........####.###..........##
.........###'##............#
##.##........:............##
.####...........@..........#
######...#................P#
##..#...##.#........T.....##
....l...#...#..............#
.........D.................#
...##.#..P.)##...P..P......#
.l.####....##.#######P....##
..l.##.##.##### #######
...#####P.P♣


You could see Snorg and an acid dragon.

Vanquished Creatures
  2 entropy weavers (Lair:5)
  Harold (D:10)
  5 hydras
  Erica (Lair:1)
  A two-headed ogre (D:8)
  2 death yaks
  A queen ant (Lair:5)
  Urug (Lair:1)
  Pikel (D:4)
  2 deep elf magi (D:10)
  A manticore (Lair:1)
  13 elephants
  8 black mambas
  A guardian serpent (Lair:6)
  A gargoyle (D:11)
  10 spiny frogs
  2 rime drakes (Lair:5)
  4 komodo dragons
  A polar bear (D:8)
  2 hornets (Lair:6)
  Grinder (D:3)
  4 blink frogs (Lair:2)
  9 hippogriffs
  3 redbacks (Lair:6)
  27 yaks
  A spriggan (D:8)
  Sigmund (D:2)
  A vampire (D:10)
  7 basilisks
  10 wyverns
  2 hungry ghosts
  3 wargs
  Menkaure (D:7)
  18 soldier ants
  An acid dragon (D:11)
  16 water moccasins
  Duvessa (D:5)
  5 porcupines
  3 swamp drakes
  A black bear (D:7)
  5 sky beasts
  A hornet zombie (D:8)
  3 orc warriors
  4 ice beasts
  2 phantoms (D:9)
  2 necrophages
  3 ogres
  18 wolves
  5 centaurs
  20 crocodiles
  3 big kobolds
  Blork the orc (D:4)
  9 bullfrogs
  Dowan (D:5)
  A wyvern zombie (D:10)
  6 scorpions
  A water moccasin skeleton (D:5)
  7 killer bees
  3 howler monkeys
  4 wights (D:9)
  An electric eel (D:8)
  4 crimson imps
  A centaur zombie (D:11)
  A quasit (D:11)
  2 hounds (D:4)
  3 jellies
  An iron imp (D:10)
  8 orc priests
  18 orc wizards
  2 centaur skeletons
  Jessica (D:3)
  Ijyb (D:3)
  24 worker ants
  6 iguanas
  A killer bee zombie (D:9)
  A bullfrog simulacrum (D:8)
  3 hound zombies
  2 worker ant zombies
  15 adders
  7 gnolls
  3 shadow imps
  5 white imps
  A howler monkey simulacrum (D:8)
  A worker ant simulacrum (D:8)
  2 ufetubi (D:8)
  3 oozes
  A worm (D:5)
  2 dart slugs (D:1)
  A leopard gecko (D:5)
  40 orcs
  6 giant cockroaches
  2 goblins
  6 hobgoblins
  5 jackals
  17 kobolds
  5 quokkas
  3 ball pythons
  A bat (D:1)
  A frilled lizard (D:1)
  A quokka zombie (D:5)
  A rat (D:3)
  3 plants
486 creatures vanquished.

Vanquished Creatures (collateral kills)
  A wolf spider (Lair:6)
1 creature vanquished.

Vanquished Creatures (others)
  A bullfrog (D:4)
  An orc wizard (D:11)
  23 fungi
  50 plants
75 creatures vanquished.

Grand Total: 562 creatures vanquished

Notes
Turn   | Place    | Note
-------+----------+-------------------------------------------
     0 | D:1      | Kagalorn the Minotaur Hunter began the quest for the Orb.
     0 | D:1      | Reached XP level 1. HP: 18/18 MP: 0/0
    81 | D:1      | Reached skill level 5 in Crossbows
    81 | D:1      | Reached XP level 2. HP: 24/25 MP: 1/1
   565 | D:2      | Reached XP level 3. HP: 29/30 MP: 2/2
   800 | D:2      | Noticed Sigmund
   841 | D:2      | Killed Sigmund
   841 | D:2      | Reached XP level 4. HP: 27/37 MP: 3/3
   841 | D:2      | Reached XP level 5. HP: 31/42 MP: 4/4
  1325 | D:3      | Noticed Grinder
  1344 | D:3      | Paralysed by Grinder for 4 turns
  1424 | D:3      | Found a snail-covered altar of Cheibriados.
  1427 | D:3      | Found a hide-covered altar of Uskayaw.
  1430 | D:3      | Found a glowing silver altar of Zin.
  1907 | D:3      | Noticed Ijyb
  1927 | D:3      | Killed Ijyb
  1927 | D:3      | Reached XP level 6. HP: 50/50 MP: 5/5
  2003 | D:3      | Found a sparkling altar of Nemelex Xobeh.
  2005 | D:3      | Noticed Jessica
  2010 | D:3      | Killed Jessica
  2134 | D:3      | Killed Grinder
  2471 | D:4      | Reached XP level 7. HP: 50/56 MP: 6/6
  2796 | D:4      | Reached skill level 1 in Armour
  2839 | D:4      | Noticed Blork the orc
  2862 | D:4      | Killed Blork the orc
  3429 | D:4      | Reached skill level 2 in Armour
  3501 | D:4      | Reached skill level 10 in Crossbows
  3882 | D:4      | Noticed Pikel
  3897 | D:4      | Killed Pikel
  3897 | D:4      | Reached skill level 4 in Armour
  3897 | D:4      | Reached XP level 8. HP: 67/70 MP: 7/7
  3931 | D:4      | Found the +4 robe of Augmentation {Str+4 Int+4 Dex+4}
  4073 | D:5      | Entered Level 5 of the Dungeon
  4095 | D:5      | Reached skill level 5 in Armour
  4690 | D:5      | Reached XP level 9. HP: 82/82 MP: 8/8
  4739 | D:5      | Noticed Duvessa
  4739 | D:5      | Noticed Dowan
  4754 | D:5      | Killed Duvessa
  4754 | D:5      | Reached skill level 6 in Armour
  4755 | D:5      | Killed Dowan
  4909 | D:6      | Found a staircase to the Ecumenical Temple.
  4920 | Temple   | Entered the Ecumenical Temple
  5121 | Temple   | Became a worshipper of Warmaster Okawaru
  5227 | D:6      | Found a bloodstained altar of Trog.
  5365 | D:6      | Found a glowing drain.
  5405 | Sewer    | Entered a sewer
  5876 | D:6      | Reached skill level 1 in Invocations
  5963 | D:6      | Found a stormy altar of Qazlal.
  5963 | D:6      | Found an ornate altar of the Wu Jian Council.
  6490 | D:7      | Reached skill level 7 in Armour
  6576 | D:7      | Noticed Menkaure
  6577 | D:7      | Killed Menkaure
  6577 | D:7      | Reached * piety under Okawaru
  6577 | D:7      | Reached skill level 10 in Fighting
  6605 | D:7      | Reached skill level 1 in Stealth
  6833 | D:7      | Reached skill level 8 in Armour
  7036 | D:8      | Reached ** piety under Okawaru
  7075 | D:8      | Noticed a polar bear
  7111 | D:8      | Noticed a death yak
  7141 | D:7      | Reached XP level 10. HP: 39/93 MP: 10/10
  7355 | D:8      | Found Lydwat's Weapon Emporium.
  7367 | D:7      | Reached skill level 9 in Armour
  7967 | D:8      | Noticed a death yak
  8344 | D:7      | Reached skill level 10 in Armour
  8772 | D:8      | Found a glowing golden altar of the Shining One.
  8818 | D:8      | Noticed a two-headed ogre
  8836 | D:8      | Killed a two-headed ogre
  8836 | D:8      | Reached skill level 5 in Dodging
  9544 | D:8      | Found a staircase to the Lair.
  9565 | D:8      | Reached *** piety under Okawaru
  9565 | D:8      | Reached skill level 5 in Invocations
 10126 | D:8      | Killed a death yak
 10566 | D:9      | Reached XP level 11. HP: 91/99 MP: 11/14
 10626 | D:9      | Killed a death yak
 10626 | D:9      | Reached **** piety under Okawaru
 11097 | D:9      | Found a blossoming altar of Fedhas.
 11202 | D:10     | Entered Level 10 of the Dungeon
 11202 | D:10     | Found a staircase to the Orcish Mines.
 11377 | D:10     | Noticed a deep elf mage
 11388 | D:10     | Killed a deep elf mage
 11727 | D:10     | Noticed a deep elf mage
 11731 | D:10     | Killed a deep elf mage
 12077 | D:10     | Received a gift from Okawaru
 12297 | D:10     | Noticed Harold
 12950 | D:10     | Killed Harold
 12950 | D:10     | Received a gift from Okawaru
 13443 | D:11     | Reached skill level 10 in Dodging
 13805 | D:11     | Found Ekheq's Magic Scroll Shop.
 13816 | D:11     | Received a gift from Okawaru
 13831 | D:11     | Bought a scroll of teleportation for 45 gold pieces
 13831 | D:11     | Bought a scroll of teleportation for 45 gold pieces
 13831 | D:11     | Bought 2 scrolls of identify for 60 gold pieces
 13831 | D:11     | Bought a scroll of teleportation for 45 gold pieces
 13831 | D:11     | Bought a scroll of magic mapping for 52 gold pieces
 14507 | Lair:1   | Entered Level 1 of the Lair of Beasts
 14524 | Lair:1   | Noticed Erica
 14527 | Lair:1   | Got a pitted scale mail
 14538 | Lair:1   | Killed Erica
 14538 | Lair:1   | Reached skill level 11 in Armour
 14657 | Lair:1   | Received a gift from Okawaru
 14673 | Lair:1   | Noticed Urug
 14725 | Lair:1   | Killed Urug
 14725 | Lair:1   | Reached XP level 12. HP: 32/107 MP: 14/17
 15015 | Lair:1   | Identified the +6 scale mail "Belis" {*Slow rN+ Dex+7
                  | Stlth+} (You found it on level 1 of the Lair of Beasts)
 15636 | Lair:1   | Received a gift from Okawaru
 15765 | Lair:2   | Found a staircase to the Shoals.
 15778 | Lair:1   | Reached skill level 12 in Armour
 16012 | Lair:2   | Found a runed translucent gate.
 16012 | Lair:2   | Found a runed translucent gate.
 16012 | Lair:2   | Found a runed translucent gate.
 16024 | Lair:2   | Reached ***** piety under Okawaru
 16046 | Lair:2   | Noticed an 11-headed hydra
 16046 | Lair:2   | Noticed ch1llma's ghost (journeyman NaGl)
 16047 | Lair:2   | Noticed a 12-headed hydra
 16068 | Lair:2   | Noticed an eight-headed hydra
 16304 | Lair:2   | Killed a two-headed hydra
 16666 | Lair:2   | Received a gift from Okawaru
 16907 | Lair:2   | Found a hole to the Spider Nest.
 16942 | Lair:2   | Reached skill level 13 in Armour
 16957 | Lair:2   | HP: 2/111 [elephant (4)]
 18333 | Lair:3   | Received a gift from Okawaru
 18610 | Lair:4   | Upgraded the game from 0.25-a0-200-g5ba96148f3 to
                  | 0.25-a0-246-g58704a1ebd
 18635 | Lair:4   | Reached XP level 13. HP: 119/119 MP: 18/18
 18756 | Lair:4   | Reached skill level 14 in Armour
 19191 | Lair:4   | Found a runed translucent door.
 20952 | Lair:5   | Noticed an entropy weaver
 20970 | Lair:5   | Killed an entropy weaver
 21364 | Lair:5   | Noticed an entropy weaver
 21990 | Lair:5   | Killed an entropy weaver
 22570 | Lair:5   | Received a gift from Okawaru
 22600 | Lair:5   | Identified Jocrodd's Papyrus of Evil Secrets and Shape
                  | Shifting
 22686 | Lair:6   | Entered Level 6 of the Lair of Beasts
 23357 | Lair:6   | Noticed Snorg
 23660 | Lair:6   | Received a gift from Okawaru
 23699 | Lair:6   | Reached skill level 15 in Armour
 23961 | Lair:6   | Received a gift from Okawaru
 23976 | Lair:6   | Reached XP level 14. HP: 84/132 MP: 19/19
 24470 | Lair:6   | Found a viscous altar of Jiyva.
 24470 | Lair:6   | Found a staircase to the Slime Pits.
 25150 | Lair:6   | HP: 5/133 [iguana (4)]
 25155 | Lair:6   | HP: 3/133 [acid (15)]
 25171 | Lair:6   | HP: 2/133 [acid dragon/splash of acid (6)]
 25171 | Lair:6   | Splashed by an acid dragon's acid

Levels and vault maps discovered:
D:1:      minmay_arrival_four_houses, layout_loops_ring, minmay_pentomino_t2
D:2:      layout_loops_corners, uniq_sigmund
D:3:      layout_loops_ring, grunt_temple_overflow_diamond,
          nemelex_xobeh_ov_fountains_minmay, uniq_grinder, uniq_jessica,
          uniq_ijyb
D:4:      layout_gridville, first_ration, minmay_manual_monstrance, uniq_pikel,
          uniq_blork_the_orc
D:5:      layout_basic, uniq_duvessa
D:6:      layout_loops_ring, kennysheep_mini_moat,
          gammafunk_temple_overflow_wave, minmay_temple_entry_antechambers,
          gup_sewer_entry_glass
D:7:      layout_gridville, uniq_menkaure
D:8:      layout_cave_pods, erik_lair_orcish_takeover, serial_ice, serial_ice_c,
          serial_ice_l, serial_ice_g, serial_ice_o, serial_ice_b, serial_ice_d,
          serial_ice_f, serial_shops, shop, basic_altar, the_bakery
D:9:      layout_roguey, kennysheep_little_box
D:10:     layout_grid_maze, orc_0_dummy, hangedman_decor_diamond_cutter,
          hangedman_minor_magic, uniq_harold
D:11:     layout_roguey, serial_shops, shop
Temple:   regret_index_temple_generic_petals
Lair:1:   layout_chaotic_city, uniq_urug, uniq_erica
Lair:2:   layout_hall_layers, minmay_shoals_entry_beasts, dummy_spider_entry,
          gammafunk_ghost_hydra_chop
Lair:3:   layout_chaotic_city, wad_woods_road_05
Lair:4:   layout_cave_pods, pf_torpor_hydra, grunt_megastairs_3,
          lemuel_fruit_tree
Lair:5:   layout_regular_city, zaba_antful_of_joy, serial_bayou_shore_b,
          minmay_lair_oklob_chamber
Lair:6:   hangedman_lair_tendril_chambers, layout_small_grid,
          guppyfry_lair_end_dragon, dpeg_slime_entry_enclosed_altar, uniq_snorg

Skill      XL: |  1  2  3  4  5  6  7  8  9 10 11 12 13 |
---------------+----------------------------------------+-----
Crossbows      | 5 7 8 9 10 11 13 | 13.7
Armour         | 4 5 8 10 11 13 15 | 15.0
Fighting       | 6 8 10 12 14 | 14.8
Invocations    | 2 6 8 |  8.0
Dodging        | 3 7 10 | 10.0
Stealth        | 1 |  1.0

Action                   |  1- 3 |  4- 6 |  7- 9 | 10-12 | 13-15 || total
-------------------------+-------+-------+-------+-------+-------++-------
Melee: Short sword       |     6 |       |       |       |       ||     6
       Headbutt          |     5 |     9 |    79 |   239 |    64 ||   396
       Spear             |    40 |    67 |    57 |       |       ||   164
       Unarmed           |       |    10 |       |       |       ||    10
       Trident           |       |       |   319 |   487 |       ||   806
       Punch             |       |       |       |     2 |       ||     2
       Great sword       |       |       |       |    91 |       ||    91
       Halberd           |       |       |       |   201 |   128 ||   329
       Scimitar          |       |       |       |   161 |    16 ||   177
       Eveningstar       |       |       |       |       |    95 ||    95
 Fire: Hand crossbow     |    10 |    12 |    31 |    64 |   352 ||   469
Throw: Javelin           |       |     4 |       |       |       ||     4
       Dart              |       |       |    13 |     5 |       ||    18
Invok: Heroism           |       |       |       |    21 |     4 ||    25
       Finesse           |       |       |       |     1 |     1 ||     2
Evoke: Wand              |       |       |     1 |    10 |       ||    11
  Use: Scroll            |       |       |    10 |    17 |     4 ||    31
       Potion            |       |       |     2 |     1 |     1 ||     4
 Stab: Sleeping          |     2 |     2 |       |       |       ||     4
       Distracted        |       |       |     2 |       |       ||     2
  Eat: Chunk             |       |     5 |    15 |    26 |     9 ||    55
       Ration            |       |       |       |     5 |     3 ||     8
Armor: Leather armour    |    10 |    12 |    14 |       |       ||    36
       Skin              |       |     2 |     6 |       |       ||     8
       Robe              |       |       |    44 |       |       ||    44
       Plate armour      |       |       |   177 |   409 |       ||   586
       Chain mail        |       |       |       |   453 |   373 ||   826
Dodge: Dodged            |    26 |    46 |   234 |   825 |   459 ||  1590
Block: Large shield      |       |       |       |   225 |    25 ||   250
       Rpst.: Great sword |       |       |       |    10 |       ||    10
       Scimitar          |       |       |       |    24 |     4 ||    28

Table legend:
 A = Non-vault XP
 B = Vault XP
 C = Vault XP percentage of total XP
 D = Non-vault monster count
 E = Vault monster count
 F = Vault count percentage of total count
                 A         B        C        D         E       F
            +---------+---------+-------+---------+---------+-------
      Total |   43636 |   26343 |  37.6 |     342 |     143 |  29.5
            +---------+---------+-------+---------+---------+-------
        D:1 |      23 |      11 |  32.4 |      12 |       2 |  14.3
        D:2 |      41 |     208 |  83.5 |       6 |       1 |  14.3
        D:3 |      78 |     354 |  81.9 |      14 |       3 |  17.6
        D:4 |     581 |     868 |  59.9 |      22 |       5 |  18.5
        D:5 |     647 |     226 |  25.9 |      17 |       2 |  10.5
        D:6 |     437 |      41 |   8.6 |      12 |       4 |  25.0
        D:7 |    1212 |     940 |  43.7 |      23 |       8 |  25.8
        D:8 |    1691 |    2233 |  56.9 |      20 |      20 |  50.0
        D:9 |    2060 |     849 |  29.2 |      32 |       1 |   3.0
       D:10 |    1757 |    2568 |  59.4 |      32 |      18 |  36.0
       D:11 |    2316 |       0 |   0.0 |      25 |       0 |   0.0
     Lair:1 |    3860 |    2271 |  37.0 |      21 |       3 |  12.5
     Lair:2 |    7705 |     239 |   3.0 |      24 |       1 |   4.0
     Lair:3 |    3484 |       0 |   0.0 |      12 |       0 |   0.0
     Lair:4 |    5172 |    1594 |  23.6 |      21 |      14 |  40.0
     Lair:5 |    5869 |    7461 |  56.0 |      26 |      31 |  54.4
     Lair:6 |    6703 |    6369 |  48.7 |      23 |      24 |  51.1
      Sewer |       0 |     111 | 100.0 |       0 |       6 | 100.0
            +---------+---------+-------+---------+---------+-------
